 Dungeon Crawl Stone Soup version 0.29.1-1-gd02db6906a (webtiles) character file.

Game seed: 5694937018279609104

55 lonewolfV2 the Firebug (level 3, 0/19 HPs)
             Began as a Deep Elf Fire Elementalist on Oct 17, 2022.
             Killed by nerve-wracking pain
             ... invoked by Grinder
              (8 damage)
             ... on level 3 of the Dungeon.
             The game lasted 00:06:32 (3098 turns).

lonewolfV2 the Firebug (Deep Elf Fire Elementalist) Turns: 3098, Time: 00:06:33

Health: 0/19       AC:  2    Str:  5    XL:     3   Next: 67%
Magic:  5/10       EV: 13    Int: 21    God:
Gold:   158        SH:  5    Dex: 15    Spells: 6/9 levels left

rFire   . . .      SeeInvis .   (no weapon)
rCold   . . .      Faith    .   (no shield)
rNeg    . . .      Spirit   .   a - +0 robe
rPois   .          Reflect  +   (no helmet)
rElec   .          Harm     .   (no cloak)
rCorr   +          Rampage  .   (no gloves)
Will    .....                   (no boots)
Stlth   ++........              j - amulet of reflection
HPRegen 0.06/turn               l - ring of resist corrosion
MPRegen 0.12/turn               (no ring)

@: no status effects
A: no striking features
a: no special abilities


You were on level 3 of the Dungeon.
You visited 1 branch of the dungeon, and saw 3 of its levels.

You collected 158 gold pieces.

Inventory:

Armour
 a - a +0 robe (worn)
Jewellery
 j - an amulet of reflection (around neck)
 l - a ring of resist corrosion (left hand)
Scrolls
 e - 2 scrolls of teleportation
Potions
 b - 3 potions of magic
 c - 5 potions of curing
 d - a potion of heal wounds {unknown}
 g - a potion of lignification


   Skills:
 + Level 3.0 Dodging
 + Level 3.2 Stealth
 + Level 3.5 Spellcasting
 + Level 2.0 Conjurations
 + Level 3.7 Fire Magic


You had 6 spell levels left.
You knew the following spells:

 Your Spells              Type           Power      Damage    Failure   Level
a - Foxfire               Conj/Fire      60%        2x1d7     3%          1
b - Scorch                Fire           38%        2d6       4%          2

Your spell library contained the following spells:

 Spells                   Type           Power      Damage    Failure   Level
 Conjure Flame            Conj/Fire      15%        6-21      12%         3
 Inner Flame              Hex/Fire       11%        N/A       17%         3
 Flame Wave               Conj/Fire      15%        2d7       36%         4


Dungeon Overview and Level Annotations

Branches:
Dungeon (3/15)

Altars:

Annotations:
D:3 Grinder


Message History

Grinder is nearby!
Grinder is nearby!
Casting: Foxfire (safe; 3% risk of failure)
Confirm with . or Enter, or press ? or * to list all spells.
You conjure some foxfire!
The foxfire hits Grinder.
Grinder is lightly wounded.
The foxfire hits Grinder.
Grinder is lightly wounded.
Casting: Foxfire (safe; 3% risk of failure)
Confirm with . or Enter, or press ? or * to list all spells.
You conjure some foxfire!
Grinder blinks!
Unknown command.
Casting: Foxfire (safe; 3% risk of failure)
Confirm with . or Enter, or press ? or * to list all spells.
You conjure some foxfire!
The foxfire hits Grinder.
Grinder is moderately wounded.
The foxfire hits Grinder.
Grinder is moderately wounded.
Grinder gestures at you. Pain shoots through your body!
Ouch! That really hurt!
Casting: Foxfire (safe; 3% risk of failure)
Confirm with . or Enter, or press ? or * to list all spells.
You conjure some foxfire!
The foxfire hits Grinder.
Grinder is heavily wounded.
The foxfire hits Grinder but does no damage.
Grinder is heavily wounded.
The foxfire hits Grinder.
Grinder is heavily wounded.
The foxfire hits Grinder.
Grinder is heavily wounded.
Grinder gestures at you. You resist with significant effort.
Casting: Foxfire (safe; 3% risk of failure)
Confirm with . or Enter, or press ? or * to list all spells.
You conjure some foxfire!
Grinder gestures at you. Pain shoots through your body!
You die...

#.# #.# #.# #####.####
##.# #........#
##..###.###.##.#
##..........>##.#
#.#####..(..5......##.#
#.........§....###.##.#
#########v§#######.##|####
#@.§....)<........
#v########.##.###. #'#
#.##.# #. ... #.##.# #.
..... #....# #. .......
#....# #.
.........####....###.
+.........+........... #.#
#.........#.........##


You could see Grinder (ally target).

Vanquished Creatures
  2 dart slugs (D:1)
  2 ball pythons
  6 bats
  4 endoplasms (D:1)
  A giant cockroach (D:1)
  6 goblins
  5 hobgoblins
  4 jackals (D:1)
  3 frilled lizards
  7 kobolds
  6 rats (D:1)
46 creatures vanquished.

Vanquished Creatures (others)
  122 foxfires
122 creatures vanquished.

Grand Total: 168 creatures vanquished

Notes
Turn   | Place    | Note
-------+----------+-------------------------------------------
     0 | D:1      | lonewolfV2 the Deep Elf Fire Elementalist began the quest
                  | for the Orb.
     0 | D:1      | Reached XP level 1. HP: 10/10 MP: 6/6
   210 | D:1      | Reached XP level 2. HP: 15/15 MP: 2/8
   544 | D:1      | Learned a level 2 spell: Scorch
   819 | D:1      | Reached XP level 3. HP: 19/19 MP: 5/9
  1841 | D:2      | Identified a scroll of acquirement
  1841 | D:2      | Acquired the +18 Lear's hauberk
  1841 | D:2      | Found the +18 Lear's hauberk
  1881 | D:2      | Found the +2 ratskin cloak {*Rats rPois rN+ Str-1 Int-1
                  | Dex+1}
  3090 | D:3      | Noticed Grinder
  3098 | D:3      | Killed from afar by Grinder

Illustrated notes

Levels and vault maps discovered:
D:1:      evilmike_arrival_plus, layout_loops_ring
D:2:      layout_basic, kennysheep_big_empty_room
D:3:      layout_loops_corners, mainiacjoe_overflow_24_doors,
          hellmonk_ecumenical_altar_heavens_door, minmay_misc_feat_chi,
          uniq_grinder

Skill      XL: |  1  2  3 |
---------------+----------+-----
Stealth        | 3 |  3.2
Dodging        | 3 |  3.0
Conjurations   | 2 |  2.0
Spellcasting   | |  3.5
Fire Magic     | |  3.7

Action                   || total
-------------------------++-------
Melee: Unarmed           ||     2
 Cast: Foxfire           ||    96
       Scorch            ||     8
  Use: Scroll            ||     7
Armor: Robe              ||     2
Dodge: Dodged            ||    13
